 Dungeon Crawl Stone Soup version 0.22.0-38-g04b72b8 (webtiles) character file.

370 coffeegrace the Shooter (level 6, -3/53 HPs)
             Began as a Minotaur Hunter on Aug 30, 2018.
             Slain by an orc wizard
             ... wielding a +0 dagger
              (4 damage)
             ... on level 4 of the Dungeon on Aug 31, 2018.
             The game lasted 00:40:17 (3611 turns).

coffeegrace the Shooter (Minotaur Hunter)           Turns: 3611, Time: 00:40:17

Health: -3/53      AC:  8    Str: 19      XL:     6   Next: 42%
Magic:  7/7        EV: 13    Int:  6 (8)  God:
Gold:   119        SH:  0    Dex: 12      Spells: 8/8 levels left

rFire    . . .     SeeInvis .   a - +2 shortbow
rCold    . . .     Gourm    +   (shield currently unavailable)
rNeg     . . .     Faith    .   c - +1 leather armour
rPois    .         Spirit   .   (helmet unavailable)
rElec    .         Reflect  .   (no cloak)
rCorr    .         Harm     .   (no gloves)
MR       .....                  o - +2 pair of boots
Stlth    ++........             Q - amulet of the gourmand
HPRegen  0.17/turn              (no ring)
MPRegen  0.10/turn              (no ring)

@: no status effects
A: retaliatory headbutt, horns 3, rugged brown scales 1, strong 1
a: no special abilities


You were on level 4 of the Dungeon.
You were completely stuffed.

You visited 1 branch of the dungeon, and saw 4 of its levels.

You collected 119 gold pieces.

Inventory:

Hand Weapons
 a - a +2 shortbow (weapon)
 b - a +0 short sword
 g - a +0 long sword
 n - a +0 spear
 r - a +0 short sword
 v - a cursed +0 mace
Missiles
 e - 13 tomahawks
 h - a throwing net {=f}
 j - 67 arrows (quivered)
 s - 5 needles of confusion
Armour
 c - a +1 leather armour (worn)
 m - a +0 leather armour
 o - a +2 pair of boots (worn)
Jewellery
 Q - an amulet of the gourmand (around neck)
Scrolls
 i - a scroll of identify
Potions
 d - a potion of invisibility
 k - a potion of brilliance {unknown}
Comestibles
 f - 12 rations


   Skills:
 + Level 4.2 Fighting
 + Level 5.5 Bows
 + Level 3.8 Dodging
 + Level 2.6 Stealth
 + Level 1.7 Spellcasting


You had 8 spell levels left.
You didn't know any spells.
Your spell library was empty.

Dungeon Overview and Level Annotations

Branches:
Dungeon (4/15)
 Temple: D:4-7

Altars:
Okawaru
Qazlal
Ru


Innate Abilities, Weirdness & Mutations

You reflexively headbutt those who attack you in melee.
You have a pair of large horns on your head.
You are partially covered in rugged brown scales. (AC +1, +3% HP)
Your muscles are strong. (Str +2)


Message History

The orc wizard casts a spell.
The orc wizard blinks!
An orc wizard appears from thin air!
Reactivating autopickup.
There are monsters nearby!
You see here 13 stones.
The iguana hisses menacingly.
You closely miss the iguana. The iguana bites you.
* * * LOW HITPOINT WARNING * * *
You take 5 damage, and have 1/53 hp.
You are too injured to fight recklessly!
You are too injured to fight recklessly!
You are too injured to fight recklessly!
You clumsily bash the iguana but do no damage.
The iguana completely misses you. You furiously retaliate!
You headbutt the iguana.
You kill the iguana!
You feel your intelligence returning. The orc wizard hits you with a dagger.
You die...

#... ... #######..# #..
#####.PPPP#..# #..
###..†#@.P.P#..# #..
#..#.#o.._..#..# #..
#(###P#^PP..#..#######..
#.#####P^^PP#...........
#...o.#######..#######..
#####...........<..((..(
#...#####...(((####.
#..## ##.>.....##. #..#
##(##.#.##.


You could see an orc wizard.

Vault maps used:
D:1:      dpeg_arrival_rooms_b, hex_tiny, serial_bayou_lagoon_a,
          nrook_loot_triangle
D:3:      okawaru_ov_weapons_minmay, minivault_4, minmay_misc_feat_roman
D:4:      nicolae_ru_the_path_less_chosen, minmay_temple_entry_poolview,
          nicolae_qazlal_general_emergency

Notes
Turn   | Place    | Note
-------+----------+-------------------------------------------
     0 | D:1      | coffeegrace the Minotaur Hunter began the quest for the Orb.
     0 | D:1      | Reached XP level 1. HP: 18/18 MP: 0/0
    92 | D:1      | Reached skill level 1 in Stealth
   161 | D:1      | Reached XP level 2. HP: 25/25 MP: 1/1
   587 | D:1      | Reached XP level 3. HP: 30/30 MP: 2/2
   613 | D:1      | Identified a cursed +0 leather armour (You found it on level 1 of the Dungeon)
   613 | D:1      | Identified 2 scrolls of identify
   613 | D:1      | Identified an amulet of the gourmand (You found it on level 1 of the Dungeon)
   616 | D:1      | Identified 2 potions of invisibility
  1002 | D:2      | Reached skill level 3 in Fighting
  1016 | D:2      | Identified a +0 short sword
  1036 | D:2      | Identified a +1 shortbow
  1204 | D:2      | Identified a +0 short sword (You found it on level 2 of the Dungeon)
  1357 | D:2      | Reached XP level 4. HP: 34/38 MP: 4/4
  1575 | D:3      | Reached skill level 3 in Dodging
  1575 | D:3      | Reached skill level 1 in Spellcasting
  1679 | D:3      | Found an iron altar of Okawaru.
  1727 | D:3      | Identified a scroll of enchant armour
  1728 | D:3      | Identified a scroll of teleportation
  1729 | D:3      | Identified a potion of heal wounds
  1731 | D:3      | Reached skill level 5 in Bows
  1731 | D:3      | Reached XP level 5. HP: 28/45 MP: 5/5
  1749 | D:3      | HP: 11/45 [poisoned by an orc wizard]
  1751 | D:3      | Identified a potion of agility
  1754 | D:3      | HP: 10/45 [poisoned by an orc wizard]
  1760 | D:3      | Identified a potion of degeneration
  1761 | D:3      | Identified a potion of haste
  1761 | D:3      | HP: 9/45 [poisoned by an orc wizard]
  1762 | D:3      | Identified a scroll of remove curse
  1767 | D:3      | HP: 9/45 [poisoned by an orc wizard]
  1772 | D:3      | HP: 8/45 [poisoned by an orc wizard]
  1773 | D:3      | Identified a +1 leather armour
  1773 | D:3      | Identified a scroll of magic mapping
  2153 | D:3      | Reached skill level 2 in Stealth
  2709 | D:3      | Identified a +2 pair of boots (You found it on level 3 of the Dungeon)
  3171 | D:4      | Reached skill level 4 in Fighting
  3251 | D:4      | Found a sacrificial altar of Ru.
  3273 | D:4      | Reached XP level 6. HP: 52/52 MP: 7/7
  3318 | D:4      | Found a stormy altar of Qazlal.
  3586 | D:4      | HP: 13/52 [iguana (10)]
  3591 | D:4      | Identified a scroll of enchant weapon
  3595 | D:4      | HP: 4/52 [iguana (6)]
  3596 | D:4      | Identified a potion of mutation
  3596 | D:4      | Gained mutation: Your muscles are strong. (Str +2) [potion of mutation]
  3596 | D:4      | Gained mutation: You are partially covered in rugged brown scales. (AC +1, +3% HP) [potion of mutation]
  3596 | D:4      | Gained mutation: You have a pair of large horns on your head. [potion of mutation]
  3609 | D:4      | HP: 1/53 [iguana (6)]
  3611 | D:4      | Identified a +0 dagger
  3611 | D:4      | Slain by an orc wizard

Table legend:
 A = Turns spent in this place as a percentage of turns spent in the entire game.
 B = Non-inter-level travel turns spent in this place as a percentage of non-inter-level travel turns spent in the entire game.
 C = Inter-level travel turns spent in this place as a percentage of turns spent in this place.
 D = Turns resting spent in this place as a percentage of non-inter-level travel turns spent in this place.
 E = Turns spent auto-exploring this place as a percentage of non-inter-level travel turns spent in this place.
 F = Non-inter-level travel turns spent in this place divided by the number of levels of this place that you've seen.
                   A       B       C       D       E      F
               +-------+-------+-------+-------+-------+----------------------
         Total | 100.0 | 100.0 |   2.0 |  24.4 |  30.9 | 884.5
       Dungeon | 100.0 | 100.0 |   2.0 |  24.4 |  30.9 | 884.5
               +-------+-------+-------+-------+-------+----------------------

Table legend:
 A = Kills in this place as a percentage of kills in entire the game.
 B = Kills by you in this place as a percentage of kills by you in the entire game.
 C = Kills by friends in this place as a percentage of kills by friends in the entire game.
 D = Other kills in this place as a percentage of other kills in the entire game.
 E = Experience gained in this place as a percentage of experience gained in the entire game.
 F = Experience gained in this place divided by the number of levels of this place that you have seen.
                   A       B       C       D       E      F
               +-------+-------+-------+-------+-------+----------------------
         Total | 100.0 | 100.0 |   N/A |   N/A | 100.0 | 132.2
       Dungeon | 100.0 | 100.0 |   N/A |   N/A | 100.0 | 132.2
               +-------+-------+-------+-------+-------+----------------------

Skill      XL: |  1  2  3  4  5 |
---------------+----------------+-----
Stealth        | 1 2 |  2.6
Fighting       | 3 4 |  4.2
Dodging        | 3 |  3.8
Spellcasting   | 1 |  1.7
Bows           | 5 |  5.5

Action                   |  1- 3 |  4- 6 || total
-------------------------+-------+-------++-------
Melee: Shortbow          |     3 |     7 ||    10
       Headbutt          |     4 |     6 ||    10
       Short sword       |     7 |    27 ||    34
 Fire: Shortbow          |    89 |   107 ||   196
  Use: Scroll            |     2 |     7 ||     9
       Potion            |       |     7 ||     7
  Eat: Chunk             |    13 |     7 ||    20
Armor: Leather armour    |     9 |     8 ||    17
Dodge: Dodged            |    33 |    52 ||    85

Vanquished Creatures
  A howler monkey (D:4)
  A bullfrog skeleton (D:4)
  An orc priest (D:3)
  2 orc wizards (D:3)
  2 iguanas (D:4)
  A howler monkey skeleton (D:4)
  7 adders
  2 oozes
  A worm (D:4)
  4 dart slugs
  2 leopard geckos
  10 orcs
  3 giant cockroaches
  4 goblins
  10 hobgoblins
  4 jackals (D:2)
  A kobold (D:1)
  A quokka (D:4)
  9 bats
  8 rats
74 creatures vanquished.
